 Dungeon Crawl Stone Soup version 0.24-a0-201-gf205589 (webtiles) character file.

Game seed: 18353485671826122403

316 Borgoz the Covered (level 6, -1/42 HPs)
             Began as a Halfling Fighter on Mar 24, 2019.
             Slain by an ogre
             ... wielding a +0 giant club
              (18 damage)
             ... on level 4 of the Dungeon.
             The game lasted 00:04:09 (2677 turns).

Borgoz the Covered (Halfling Fighter)               Turns: 2677, Time: 00:04:10

Health: -1/42      AC:  8    Str: 22    XL:     6   Next: 73%
Magic:  6/6        EV: 11    Int:  8    God:
Gold:   218        SH: 10    Dex: 14    Spells: 5/5 levels left

rFire    . . .     SeeInvis .   a - +0 rapier
rCold    . . .     Gourm    .   c - +0 shield
rNeg     . . .     Faith    .   b - +0 scale mail
rPois    .         Spirit   .   (no helmet)
rElec    .         Reflect  .   (no cloak)
rCorr    .         Harm     .   g - +0 pair of gloves
MR       .....                  (no boots)
Stlth    +.........             (no amulet)
HPRegen  0.14/turn              n - ring of flight
MPRegen  0.10/turn              (no ring)

@: mighty
A: small, mutation resistance 1
a: Evoke Flight


You were on level 4 of the Dungeon.
You were very hungry.

You visited 1 branch of the dungeon, and saw 4 of its levels.

You collected 218 gold pieces.

Inventory:

Hand Weapons
 a - a +0 rapier (weapon)
Missiles
 q - 2 tomahawks (quivered)
Armour
 b - a +0 scale mail (worn)
 c - a +0 shield (worn)
 g - a +0 pair of gloves (worn)
 v - a +0 ring mail
Jewellery
 n - a ring of flight (left hand)
Wands
 t - a wand of flame (17)
 u - a wand of iceblast (9)
Scrolls
 i - a scroll of enchant weapon {unknown}
 j - a scroll of fog {unknown}
 k - 3 scrolls of identify {unknown}
 l - 2 scrolls of remove curse {unknown}
 m - 4 scrolls of teleportation {unknown}
 p - 2 scrolls of magic mapping {unknown}
 s - a scroll of fear {unknown}
Potions
 h - a potion of magic {unknown}
 r - a potion of flight {unknown}
Comestibles
 f - 6 rations
 o - a chunk of flesh


   Skills:
 + Level 3.2 Fighting
 * Level 4.1 Short Blades
 + Level 1.6 Throwing
 * Level 4.4 Armour
 * Level 2.7 Dodging
 + Level 2.1 Stealth
 + Level 3.9 Shields


You had 5 spell levels left.
You didn't know any spells.
Your spell library was empty.

Dungeon Overview and Level Annotations

Branches:
Dungeon (4/15)
 Temple: D:4-7

Altars:
Qazlal
Ru
The Shining One

Shops:
D:4 :


Innate Abilities, Weirdness & Mutations

You are small and have problems with some larger weapons.
You are somewhat resistant to further mutation.


Message History

The ogre hits you with a +0 giant club!
You closely miss the ogre. You puncture the ogre!
The ogre is moderately wounded.
You block the ogre's attack.
You puncture the ogre!
The ogre is severely wounded.
The ogre hits you with a +0 giant club.
The leopard gecko skeleton barely misses you.
You hit the ogre.
The ogre is severely wounded.
The ogre hits you with a +0 giant club!
The leopard gecko skeleton barely misses you.
You are too injured to fight recklessly!
You are too injured to fight recklessly!
You are too injured to fight recklessly!
You hit the ogre.
The ogre is almost dead.
The ogre hits you with a +0 giant club!!
You die...

####'####
#.......#
#.......#
#.......#
#.......#
#.......#
##....###
##....####.##.
#...).@O......
#..)...Z......
#.............
#...[.........
#...$.........
#........?....
##############


You could see an ogre and a leopard gecko skeleton.

Vanquished Creatures
  A phantom (D:4)
  A scorpion (D:4)
  An orc priest (D:3)
  Terence (D:3)
  A worker ant (D:4)
  3 adders (D:2)
  An ooze (D:2)
  A worm (D:4)
  2 dart slugs
  3 leopard geckos (D:2)
  6 orcs
  4 ball pythons
  9 bats
  3 giant cockroaches
  8 goblins
  6 hobgoblins
  A quokka (D:2)
  7 frilled lizards
  A kobold (D:1)
  5 rats
65 creatures vanquished.

Notes
Turn   | Place    | Note
-------+----------+-------------------------------------------
     0 | D:1      | Borgoz the Halfling Fighter began the quest for the Orb.
     0 | D:1      | Reached XP level 1. HP: 15/15 MP: 1/1
   272 | D:1      | Reached XP level 2. HP: 19/20 MP: 2/2
   823 | D:2      | Reached skill level 1 in Dodging
   823 | D:2      | Reached skill level 1 in Stealth
   823 | D:2      | Reached XP level 3. HP: 22/25 MP: 3/3
   845 | D:2      | Found a glowing golden altar of the Shining One.
   879 | D:2      | Found a sacrificial altar of Ru.
  1015 | D:2      | Reached XP level 4. HP: 30/30 MP: 4/4
  1284 | D:2      | Found a stormy altar of Qazlal.
  1284 | D:2      | Noticed a water elemental
  1288 | D:2      | Noticed an earth elemental
  1291 | D:2      | Noticed a fire elemental
  1291 | D:2      | Noticed an air elemental
  1492 | D:3      | Reached skill level 1 in Throwing
  1820 | D:3      | Noticed Terence
  1833 | D:3      | Killed Terence
  1833 | D:3      | Reached XP level 5. HP: 36/36 MP: 5/5
  2377 | D:4      | Found Fecoul's Book Boutique.
  2390 | D:4      | Reached XP level 6. HP: 36/42 MP: 6/6
  2430 | D:4      | Noticed a phantom
  2472 | D:4      | HP: 2/42 [phantom (4)]
  2479 | D:4      | Killed a phantom
  2668 | D:4      | Noticed an ogre
  2677 | D:4      | Slain by an ogre

Levels and vault maps discovered:
D:1:      lightli_iron_boxes, layout_loops_corners, minmay_lizard_pond
D:2:      layout_basic, marbit_many_paths, nicolae_qazlal_style_of_elements,
          nicolae_ru_awakened_eye
D:3:      layout_loops_corners, uniq_terence
D:4:      layout_gridville, serial_shops, shop, uniq_robin

Skill      XL: |  1  2  3  4  5  6 |
---------------+-------------------+-----
Short Blades   | 3 4 |  4.1
Dodging        | 1 2 |  2.7
Stealth        | 1 2 |  2.1
Throwing       | 1 |  1.6
Fighting       | 3 |  3.2
Armour         | 4 |  4.4
Shields        | |  3.9

Action                   |  1- 3 |  4- 6 || total
-------------------------+-------+-------++-------
Melee: Rapier            |    69 |   222 ||   291
  Use: Potion            |       |     3 ||     3
  Eat: Chunk             |       |     5 ||     5
Armor: Scale mail        |    27 |    56 ||    83
Dodge: Dodged            |    22 |    80 ||   102
Block: Shield            |    43 |   102 ||   145

Table legend:
 A = Non-vault XP
 B = Vault XP
 C = Vault XP percentage of total XP
 D = Non-vault monster count
 E = Vault monster count
 F = Vault count percentage of total count
                 A         B        C        D         E       F
            +---------+---------+-------+---------+---------+-------
      Total |     411 |      41 |   9.1 |      60 |       5 |   7.7
            +---------+---------+-------+---------+---------+-------
        D:1 |      25 |       3 |  10.7 |      15 |       3 |  16.7
        D:2 |      73 |       2 |   2.7 |      15 |       1 |   6.2
        D:3 |      80 |      36 |  31.0 |      23 |       1 |   4.2
        D:4 |     233 |       0 |   0.0 |       7 |       0 |   0.0
            +---------+---------+-------+---------+---------+-------
